 Dungeon Crawl Stone Soup version 0.31.0-12-g77e489cdc1 (webtiles) character file.

Game seed: 14183005186112940327

94 ChrisAssaf the Ruffian (level 4, -1/41 HPs)
             Began as a Troll Shapeshifter on Mar 4, 2024.
             Slain by a black bear (4 damage)
             ... on level 4 of the Dungeon.
             The game lasted 00:03:39 (1090 turns).

ChrisAssaf the Ruffian (Troll Shapeshifter)         Turns: 1090, Time: 00:03:39

Health: -1/41      AC:  4    Str: 22    XL:     4   Next: 38%
Magic:  3/3        EV: 10    Int:  8    God:
Gold:   64         SH:  0    Dex:  9    Spells: 3/3 levels left

rFire   . .          .
                       - Unarmed
rCold   . . .        (no shield)
rNeg    . . .        a - +0 animal skin
rPois   .            (helmet currently unavailable)
rElec   .            (cloak currently unavailable)
rCorr   .            (gloves unavailable)
SInv    .            (boots unavailable)
Will    .....        (no amulet)
Stlth   +            (no ring)
HPRegen 1.06/turn    (no ring)
MPRegen 0.08/turn

%: no passive effects
@: beast-form
A: beast (slay +1), large, unfitting armour, claws 3, regeneration 1, shaggy fur
1, tough skin 1
a: Begin Untransformation


You were on level 4 of the Dungeon.
You were a hulking beast.
You visited 1 branch of the dungeon, and saw 4 of its levels.

You collected 64 gold pieces.

Inventory:

Missiles
 g - 5 boomerangs (quivered)
 i - a throwing net
Armour
 a - a +0 animal skin (worn)
Talismans
 c - a beast talisman
 d - a flux talisman
Wands
 j - a wand of iceblast (4)
Potions
 b - 2 potions of lignification
 e - a potion of invisibility {unknown}
 f - 2 potions of curing
 h - a potion of attraction


   Skills:
 * Level 1.2 Fighting
 * Level 0.4 Throwing
 * Level 0.8 Armour
 * Level 2.0 Dodging
 * Level 0.4 Stealth
 * Level 3.7 Unarmed Combat
 * Level 3.4 Shapeshifting


You had 3 spell levels left.
You didn't know any spells.
Your spell library contained the following spells:

 Spells                   Type           Power      Damage    Failure   Level
 Apportation              Tloc           0%         N/A       41%         1
 Necrotise                Necr           0%         1d4       41%         1
 Sting                    Conj/Alch      0%         1d3       41%         1
 Summon Small Mammal      Summ           0%         N/A       41%         1
 Chain Lightning          Conj/Air       0%         N/A       100%        9
 Fire Storm               Conj/Fire      0%         5d1       100%        9
 Shatter                  Erth           0%         3d5*      100%        9


Dungeon Overview and Level Annotations

Branches:
Dungeon (4/15)
 Temple: D:4-7

Altars:

Shops:
D:3 =


Innate Abilities, Weirdness & Mutations

You are a hulking beast.
Your limbs bulge with bestial killing power. (Slay +1)
You are too large for most types of armour.
You have claws for hands.
Your natural rate of healing is unusually fast.
You are covered in fur. (AC +1)
You have tough skin. (AC +1)


Message History

Aim: a black bear (61% to hit)
You throw a boomerang. The boomerang hits the black bear.
The black bear is lightly wounded.
An iguana comes into view.
Throw: 5 boomerangs
Press: ? - help, Q - select action, (/) - cycle Shift-Dir - straight line, f/p - black bear
Aim: a black bear (61% to hit)
You throw a boomerang. The iguana hisses angrily.
The boomerang hits the black bear.
The black bear is lightly wounded.
The black bear barely misses you. The black bear closely misses you.
The black bear claws you but does no damage.
The black bear bites you. The black bear closely misses you.
The black bear completely misses you.
You barely miss the black bear.
The black bear is lightly wounded.
The black bear bites you. The black bear claws you.
The black bear closely misses you.
You closely miss the black bear.
The black bear is lightly wounded.
The black bear bites you.
The black bear claws you but does no damage.
The black bear barely misses you.
You claw the black bear!
The black bear is moderately wounded.
The iguana bites you! The black bear bites you. The black bear claws you.
The black bear misses you.
You scratch the black bear but do no damage.
The black bear is moderately wounded.
The iguana closely misses you. The black bear bites you.
The black bear claws you. The black bear misses you.
You completely miss the black bear.
The black bear is moderately wounded.
The iguana attacks as it pursues you! The iguana bites you!
* * * LOW HITPOINT WARNING * * *
The black bear bites you.
* * * LOW HITPOINT WARNING * * *
The black bear claws you.
You die...

.....## ###. # .....#
.... ........# .....
#.......# .....
#.......# .....#
#....#.##...# #...#....#
#...hl### #....h..#
#......## #.....##
#....## #. ##...# ...
######...## #.##
##.##.<....### ##...###
#.#..........###........
####..........#.....#..#


You could see a black bear and an iguana.

Vanquished Creatures
  An adder (D:2)
  4 gnolls (D:3)
  4 dart slugs
  2 ball pythons
  5 endoplasms
  3 giant cockroaches
  2 goblins (D:2)
  2 hobgoblins
  4 jackals (D:3)
  A quokka (D:2)
  3 frilled lizards
  5 kobolds
  3 rats
39 creatures vanquished.

Notes
Turn   | Place    | Note
-------+----------+-------------------------------------------
     0 | D:1      | ChrisAssaf the Troll Shapeshifter began the quest for the
                  | Orb.
     0 | D:1      | Reached XP level 1. HP: 18/18 MP: 0/0
   144 | D:1      | Reached XP level 2. HP: 26/26 MP: 1/1
   257 | D:2      | Reached skill level 1 in Fighting
   353 | D:2      | Reached XP level 3. HP: 33/33 MP: 2/2
   427 | D:3      | Found Pugaruuv's One-of-a-Kind Rings.
   734 | D:3      | Reached XP level 4. HP: 21/41 MP: 3/3
  1078 | D:4      | Noticed a black bear
  1090 | D:4      | Slain by a black bear

Illustrated notes

Levels and vault maps discovered:
D:1:      minmay_arrival_five_plusses, layout_basic
D:2:      layout_basic, minmay_misc_feat_nine_boxes, minmay_misc_feat_doors
D:3:      layout_loops_corners, ebering_ecumenical_altar_hall,
          chequers_serial_rivers_small_a, nicolae_shop_unique_rings
D:4:      layout_layer_cave, kennysheep_ying_yang, lemuel_round_altar,
          nicolae_tso_carved_into_rock, mainiacjoe_overflow_tiny_flanked

Skill      XL: |  1  2  3  4 |
---------------+-------------+-----
Fighting       | 1 |  1.2
Dodging        | 2 |  2.0
Throwing       | |  0.4
Armour         | |  0.8
Stealth        | |  0.4
Unarmed Combat | |  3.7
Shapeshifting  | |  3.4

Action                     |  1- 3 |  4- 6 || total
---------------------------+-------+-------++-------
  Melee: Unarmed           |    63 |    19 ||    82
  Throw: Boomerang         |     8 |     8 ||    16
    Use: Scroll            |     3 |       ||     3
 Armour: Animal skin       |    59 |    27 ||    86
  Dodge: Dodged            |    29 |    15 ||    44
